 Dungeon Crawl Stone Soup version 0.21-a0-504-g2eda330 (webtiles) character file.

44 slep the Skirmisher (level 3, -8/29 HPs)
             Began as a Demonspawn Monk on Nov 26, 2017.
             Mangled by Sigmund
             ... wielding a cursed +0 scythe
              (11 damage)
             ... on level 2 of the Dungeon.
             The game lasted 00:05:17 (1006 turns).

slep the Skirmisher (Demonspawn Monk)               Turns: 1006, Time: 00:05:17

Health: -8/29      AC:  9    Str: 12    XL:     3   Next: 41%
Magic:  0/3        EV: 11    Int: 11    God:
Gold:   62         SH:  0    Dex: 20    Spells: 2/2 levels left

rFire    . . .     SeeInvis .   a - +0 spear
rCold    . . .     Gourm    .   (no shield)
rNeg     . . .     Faith    .   d - +0 chain mail
rPois    .         Spirit   +   p - +0 helmet (curse)
rElec    .         Reflect  .   (no cloak)
rCorr    .         Harm     .   (no gloves)
MR       +....                  (no boots)
Stlth    +.........             (no amulet)
HPRegen  0.09/turn              o - ring of stealth
MPRegen  0.08/turn              (no ring)

@: agile
A: claws 1, magic resistance 1, magic shield
a: no special abilities


You were on level 2 of the Dungeon.
You were hungry.

You visited 1 branch of the dungeon, and saw 2 of its levels.

You collected 62 gold pieces.

Inventory:

Hand Weapons
 a - a +0 spear (weapon)
Armour
 b - a +0 robe
 d - a +0 chain mail (worn)
 p - a cursed +0 helmet (worn)
Jewellery
 o - a ring of stealth (left claw)
Scrolls
 h - a scroll of teleportation {unknown}
 i - a scroll of fog {unknown}
 j - 4 scrolls of identify {unknown}
 k - a scroll of enchant weapon {unknown}
 l - a scroll of magic mapping {unknown}
 m - a scroll of enchant armour {unknown}
 n - a scroll of blinking {unknown}
Comestibles
 c - a bread ration
 f - 2 meat rations


   Skills:
 + Level 3.3 Fighting
 + Level 3.1 Polearms
 + Level 0.8 Armour
 + Level 3.2 Dodging
 + Level 1.7 Stealth


You had 2 spell levels left.
You didn't know any spells.

Dungeon Overview and Level Annotations

Branches:
Dungeon (2/15)

Altars:

Annotations:
D:2 1 runed door, Sigmund


Innate Abilities, Weirdness & Mutations

When hurt, damage is shared between your health and your magic reserves.
You have sharp fingernails.
You are resistant to hostile enchantments. (MR+)


Message History

You barely miss something. Something hits you.
* * * LOW HITPOINT WARNING * * *
It was a potion of curing.
You feel better. Something hits you but does no damage.
You hit something but do no damage. You closely miss something.
Something hits you but does no damage.
You closely miss something. Something hits you.
* * * LOW HITPOINT WARNING * * *
You completely miss something. You closely miss something.
Something hits you but does no damage.
You barely miss something. You barely miss something. Something hits you.
* * * LOW HITPOINT WARNING * * *
You hit something. Something hits you.
* * * LOW HITPOINT WARNING * * *
Your chain mail prevents you from hitting something.
Your chain mail prevents you from hitting something.
Something hits you but does no damage.
You hit something. Something hits you!
You die...

..... #.#
..#.. ###.#
### ### .
..###...#
..# ..# #.
#.#...##
#.# #.#
#.###......
#.# #.#
#.#(#...##
#)# #.#
#(###.##.
#.### #{#
#.# #.###
#..<# #@#
#(# #.#
###.# #.#
#.# #.# #.#
#.# #)# #.#
#.# #.# #.#
#.# #.# #.#
####.# #.#
#.# #####.#
#....# #.#
#.# #.....#
#.#### #.#
#.##### #.#
#.# #.# #.#


There were no monsters in sight!

Vanquished Creatures
  3 dart slugs (D:1)
  3 giant cockroaches (D:1)
  2 goblins (D:2)
  6 hobgoblins
  6 jackals (D:1)
  5 kobolds
  3 bats (D:1)
  2 frilled lizards (D:1)
  5 rats (D:1)
35 creatures vanquished.

Notes
Turn   | Place    | Note
-------+----------+-------------------------------------------
     0 | D:1      | slep the Demonspawn Monk began the quest for the Orb.
     0 | D:1      | Reached XP level 1. HP: 18/18 MP: 1/1
   118 | D:1      | Gained mutation: When hurt, damage is shared between your health and your magic reserves. [demonic ancestry]
   118 | D:1      | Reached XP level 2. HP: 21/24 MP: 2/2
   417 | D:1      | Reached XP level 3. HP: 17/29 MP: 3/3
   784 | D:2      | Found a runed door.
   973 | D:2      | Noticed Sigmund
   975 | D:2      | Gained mutation: You have sharp fingernails. [potion of mutation]
   975 | D:2      | Gained mutation: You are resistant to hostile enchantments. (MR+) [potion of mutation]
  1006 | D:2      | Mangled by Sigmund

Vault maps used:
D:1:      mainiacjoe_arrival_reflecting_pool, chequers_big_river,
          hangedman_decor_slide_cut
D:2:      lemuel_coloured_pillars_altar, makhleb_heckhound_becter,
          uniq_crazy_yiuf_cottage, uniq_sigmund

Skill      XL: |  1  2 |
---------------+-------+-----
Dodging        | 3 |  3.2
Polearms       | 3 |  3.1
Fighting       | |  3.3
Armour         | |  0.8
Stealth        | |  1.7

Action                   || total
-------------------------++-------
Melee: Spear             ||   174
  Use: Potion            ||     3
Armor: Chain mail        ||    92
       Robe              ||     1
Dodge: Dodged            ||    37

Table legend:
 A = Spawn XP
 B = Non-spawn XP
 C = Spawn XP percentage of total XP
 D = Spawn monster count
 E = Non-spawn monster count
 F = Spawn count percentage of total count
 G = Total turns spent on level
                    A         B        C        D         E        F      G
               +---------+---------+-------+---------+---------+-------+---------
         Total |       0 |      64 |   0.0 |       0 |      35 |   0.0 |  1006
               +---------+---------+-------+---------+---------+-------+---------
           D:1 |       0 |      56 |   0.0 |       0 |      30 |   0.0 |   768
           D:2 |       0 |       8 |   0.0 |       0 |       5 |   0.0 |   238
               +---------+---------+-------+---------+---------+-------+---------
